 Dungeon Crawl Stone Soup version 0.14-a0-1721-g84c87b2 (webtiles) character file.

244 Moondog the Magician (level 4, -10/27 HPs)
             Began as a High Elf Wizard on Jan 2, 2014.
             Succumbed to Ijyb's poison
             ... while paralysed by a potion of paralysis
             ... on Level 3 of the Dungeon.
             The game lasted 00:26:01 (3480 turns).

Moondog the Magician (High Elf Wizard)              Turns: 3480, Time: 00:26:01

HP -10/27        AC  4     Str  7      XL: 4   Next: 61%
MP   0/14        EV  2     Int 21      God:
Gold 134         SH  0     Dex 14      Spells:  5 memorised,  0 levels left

rFire  + . .     SeeInvis .     B - +2,+5 whip
rCold  . . .     Clarity  .     n - +2 orc robe
rNeg   . . .     Conserve .     (no shield)
rPois  .         rCorr    .     b - +0 elf wizard hat
rElec  .         rRot     .     (no cloak)
SustAb . .       Spirit   .     (no gloves)
rMut   .         Warding  .     (no boots)
Saprov . . .     Stasis   .     (no amulet)
                                (no ring)
                                l - ring of protection from fire

@: paralysed, extremely poisoned, very slightly contaminated, slightly resistant
to hostile enchantments, fairly stealthy
A: no striking features
a: no special abilities


You were on level 3 of the Dungeon.
You were very hungry.

You visited 1 branch of the dungeon, and saw 3 of its levels.

You collected 134 gold pieces.

Inventory:

Hand weapons
 B - a +2,+5 whip (weapon)
Missiles
 i - 4 tomahawks
 v - 13 darts of frost (quivered)
Armour
 b - a +0 elven wizard hat (worn)
 n - a +2 orcish robe (worn)
Comestibles
 d - 2 bread rations
 g - 2 apples
 k - a choko
 o - a snozzcumber
 q - a lychee
 s - an orange
Scrolls
 f - 2 scrolls of enchant weapon II {unknown}
 h - a scroll of fear {unknown}
 j - 5 scrolls of remove curse
 m - 4 scrolls of identify
 p - a scroll of fog {unknown}
 r - a scroll of magic mapping {unknown}
 t - a scroll of enchant armour {unknown}
 u - a scroll of recharging {unknown}
 x - a scroll of curse weapon {unknown}
 y - a scroll of immolation {unknown}
Jewellery
 l - a ring of protection from fire (left hand)
Potions
 w - a potion of might
Books
 a - a book of Air

   Spells                             Type                      Level
   Shock                              Conjuration/Air              1
   Swiftness                          Charms/Air                   2
   *Repel Missiles                    Charms/Air                   2
   Flight                             Charms/Air                   3
   Static Discharge                   Conjuration/Air              3
   Lightning Bolt                     Conjuration/Air              5
 c - a book of Minor Magic

   Spells                             Type                      Level
   *Magic Dart                        Conjuration                  1
   *Blink                             Translocation                2
   Call Imp                           Summoning                    2
   *Repel Missiles                    Charms/Air                   2
   Slow                               Hexes                        2
   *Conjure Flame                     Conjuration/Fire             3
   *Mephitic Cloud                    Conjuration/Poison/Air       3


   Skills:
 - Level 2.1 Dodging
 - Level 2.1 Stealth
 + Level 4.0 Spellcasting
 * Level 3.9 Conjurations
   Level 0.8 Summonings
 - Level 1.1 Translocations
 + Level 1.4 Air Magic
 - Level 1.0 Poison Magic


You couldn't memorise any spells.
You knew the following spells:

 Your Spells              Type           Power        Failure   Level  Hunger
a - Magic Dart            Conj           ###.         2%          1    None
e - Conjure Flame         Conj/Fire      ##......     21%         3    ###....
r - Repel Missiles        Chrm/Air       #.........   14%         2    #......
s - Mephitic Cloud        Conj/Pois/Air  ##......     17%         3    ###....
z - Blink                 Tloc           N/A          12%         2    #......


Dungeon Overview and Level Annotations

Branches:
Dungeon (3/16)

Altars:
Kikubaaqudgha
Makhleb
Okawaru


Message History

You are more poisoned.
You hit Ijyb.
Ijyb is almost dead.
You feel sick.
Ijyb hits you with a dwarven dagger of venom.
* * * LOW HITPOINT WARNING * * *
You are more poisoned.
You closely miss Ijyb.
Ijyb is almost dead.
* * * LOW HITPOINT WARNING * * *
You feel sick. Ijyb hits you but does no damage.
You are more poisoned.
You hit Ijyb.
You kill Ijyb!
* * * LOW HITPOINT WARNING * * *
You feel very sick.
Drink which item? (? for menu, Esc to quit)
You suddenly lose the ability to move!
It was a potion of paralysis.
Ouch! That really hurt!
You die...

#..#.......# #......_
#..#.......# #.##....
#..#.......####..##...
#..#.........[....##..
.........#.#'###........###.
#######.#.#............# ##
.######.#.#####........####
..$.......#####............
..........)@................
.######.###...####.........
#.# #...####......... ###.#
#........####.... #...#
#........# #.... #...#
###......# ##... #...#
#......# #### #...# #......#
# #...# #....(.# #


There were no monsters in sight!

Vanquished Creatures
  Ijyb (D:3)
  3 adders
  A worm (D:2)
  2 giant geckos
  3 orcs (D:3)
  2 giant cockroaches
  5 goblins
  7 hobgoblins
  7 jackals
  7 kobolds
  2 quokkas (D:2)
  A ball python (D:1)
  6 bats
  2 giant newts (D:2)
  5 rats
54 creatures vanquished.

Vanquished Creatures (others)
  A jackal (D:3)
1 creature vanquished.

Grand Total: 55 creatures vanquished

Notes
Turn   | Place    | Note
--------------------------------------------------------------
     0 | D:1      | Moondog, the High Elf Wizard, began the quest for the Orb.
     0 | D:1      | Reached XP level 1. HP: 11/11 MP: 5/5
   575 | D:1      | Reached XP level 2. HP: 17/17 MP: 4/7
   580 | D:1      | Learned a level 2 spell: Blink
  1223 | D:2      | Reached skill level 4 in Spellcasting
  1478 | D:2      | Reached XP level 3. HP: 21/21 MP: 6/11
  1522 | D:2      | Learned a level 3 spell: Mephitic Cloud
  1526 | D:2      | Learned a level 3 spell: Conjure Flame
  1998 | D:2      | Reached skill level 1 in Air Magic
  2282 | D:3      | Reached XP level 4. HP: 25/27 MP: 12/14
  2363 | D:3      | Found an ancient bone altar of Kikubaaqudgha.
  2625 | D:3      | Found an iron altar of Okawaru.
  2625 | D:3      | Found a burning altar of Makhleb.
  2625 | D:3      | Noticed Ijyb
  2632 | D:3      | HP: 1/27 [Ijyb/wand of cold (26)]
  2673 | D:3      | HP: 1/27 [jackal (1)]
  2889 | D:3      | Reached skill level 1 in Poison Magic
  2961 | D:3      | Learned a level 2 spell: Repel Missiles
  3479 | D:3      | Killed Ijyb
  3480 | D:3      | Paralysed by a potion of paralysis for 6 turns
  3480 | D:3      | Succumbed to Ijyb's poison

Action                   |  1- 3 |  4- 6 || total
-------------------------+-------+-------++-------
Melee: Whip              |     9 |    20 ||    29
Throw: Dart              |     9 |    20 ||    29
 Cast: Magic Dart        |    91 |    37 ||   128
       Blink             |     2 |     3 ||     5
       Mephitic Cloud    |       |     7 ||     7
       Repel Missiles    |       |     2 ||     2
  Use: Potion            |     2 |     1 ||     3
       Scroll            |     2 |       ||     2
